Map: Paladino Terminal LE

Players

Musumeci

  • Race: Zerg Zerg
  • League: Diamond
  • Spawn Location: 5:00

Jésus

  • Race: Zerg Zerg
  • League: Diamond
  • Spawn Location: 9:00

VOD

Have the link to the VOD?

Description

Time

  • Played on: Feb. 8, 2017, 12:40 p.m.
  • Length: 4:59
Show
View Real Time Build Order
Export as new Build Order

Musumeci Zerg 

Build Orders: Pool First, Zergling Baneling 

Get SALT Encoding   

  12  0:01  Drone  
  13  0:08  Drone  
  14  0:14  Extractor  
  13  0:30  Spawning Pool  
  12  0:40  Drone  
  12  0:41  Drone  
  14  0:51  Overlord  
  14  1:16  Zergling x6  
  14  1:17  Metabolic Boost  
  17  1:28  Zergling x2  
  18  1:42  Zergling x2, Baneling Nest  
  18  1:49  Zergling x2  
  19  2:22  Queen, Drone  
  20  2:28  Baneling x2  
  22  2:30  Baneling  
  17  3:03  Zergling x6  
  19  3:21  Roach Warren  
  19  3:22  Baneling x2  
  19  3:25  Hatchery  
  19  3:26  Zergling x4  
  19  3:30  Baneling x3  
  20  3:43  Hatchery  
  20  3:45  Hatchery  
  18  3:53  Drone  
  18  3:54  Drone  
  19  4:22  Roach  
  21  4:26  Overlord  
  21  4:31  Drone  
Show
View Real Time Build Order
Export as new Build Order

Jésus Zerg 

Build Orders: Pool First 

Get SALT Encoding   

  12  0:01  Drone  
  13  0:08  Drone  
  14  0:15  Extractor  
  14  0:18  Drone  
  14  0:34  Spawning Pool  
  13  0:37  Drone  
  14  0:46  Overlord  
  14  1:20  Metabolic Boost  
  14  1:22  Zergling x2  
  14  1:23  Zergling x4  
  17  1:27  Queen  
  19  1:49  Zergling x4  
  19  1:50  Baneling Nest  
  20  1:57  Overlord  
  20  2:13  Zergling x2  
  21  2:22  Zergling x2  
  22  2:29  Zergling x2  
  23  2:34  Baneling x4  
  23  2:38  Zergling x2  
  23  2:39  Zergling x4  
  24  3:04  Baneling x2  
  24  3:05  Drone x3  
  25  3:10  Drone x2  
  27  3:14  Drone  
  28  3:39  Hatchery  
  24  3:52  Overlord  
  24  3:53  Overlord  
  21  4:17  Zergling x6  
  22  4:22  Zergling x2  
  22  4:23  Zergling x6  
Tags
 
Add a new tag
Caveats
  • Supply blocks, unpowered buildings, or Contaminate may cause inaccurate times.
  • Supply counts are checked every 10 seconds.